 Dungeon Crawl Stone Soup version 0.31-a0-496-g6f97920a28 (webtiles) character file.

Game seed: 1334566658780935930

33133 Mightysalt the Unseen (level 13, -4/68 HPs)
             Began as a Vine Stalker Brigand on Aug 9, 2023.
             Was a Priest of Wu Jian.
             Slain by a wizard simulacrum (18 damage)
             ... animated by a necromancer
             ... on level 14 of the Dungeon.
             The game lasted 00:55:11 (11425 turns).

Mightysalt the Unseen (Vine Stalker Brigand)       Turns: 11425, Time: 00:55:13

Health: -4/68      AC: 12    Str: 30    XL:     13   Next: 69%
Magic:  0/14       EV: 22    Int: 15    God:    Wu Jian [***...]
Gold:   1346       SH:  0    Dex: 29    Spells: 12/12 levels left

rFire   . . .        r - +7 rapier of the Inviting King {venom, rC- Str+4 Int+4 Dex+2}
rCold   x . .        (no shield)
rNeg    . . .        b - +2 robe
rPois   +            y - +2 hat of Resourcefulness {*Slow rPois Str+2}
rElec   .            c - +2 cloak
rCorr   .            m - +2 pair of gloves
SInv    .            (no boots)
Will    +....        (no amulet)
Stlth   +++++++      i - ring "Wuozap" {Str+3 Slay+4}
HPRegen 1.11/turn    n - ring "Pucs" {Str+7 Dex+6}
MPRegen 0.14/turn

%: slow self (1%), guardian spirit
@: about to teleport
A: fangs 3, regeneration 1, magic shield, antimagic bite, no potion heal 2
a: Renounce Religion, Wall Jump, Serpent's Lash


You were on level 14 of the Dungeon.
You worshipped Wu Jian.
Wu Jian was most pleased with you.
You visited 2 branches of the dungeon, and saw 15 of its levels.
You visited the Abyss 1 time.
You also visited: Ossuary.

You collected 1346 gold pieces.

Inventory:

Hand Weapons
 a - a +2 dagger
 r - the +7 rapier of the Inviting King (weapon) {venom, rC- Str+4 Int+4 Dex+2}
   (You acquired it on level 6 of the Dungeon)

   Str:       It affects your strength (+4).
   Int:       It affects your intelligence (+4).
   Dex:       It affects your dexterity (+2).
   rC:        It makes you vulnerable to cold.
 s - a +0 rapier
 w - the +6 dagger of Akher {heavy, rPois rF- rCorr}
   (You found it on level 10 of the Dungeon)

   rF:        It makes you vulnerable to fire.
   rPois:     It protects you from poison.
   rCorr:     It protects you from acid and corrosion.
Missiles
 d - 45 poisoned darts (quivered)
 e - 3 curare-tipped darts
 g - 3 throwing nets
 j - 7 atropa-tipped darts
 v - 7 boomerangs
Armour
 b - a +2 robe (worn)
 c - a +2 cloak (worn)
 m - a +2 pair of gloves (worn)
 y - the +2 hat of Resourcefulness (worn) {*Slow rPois Str+2}
   (You acquired it on level 6 of the Dungeon)

   Str:       It affects your strength (+2).
   rPois:     It protects you from poison.
   *Slow:     It may slow you when you take damage.
Jewellery
 i - the ring "Wuozap" (left hand) {Str+3 Slay+4}
   (You found it on level 2 of the Dungeon)

   [ring of slaying]

   Str:       It affects your strength (+3).
   Slay:      It affects your accuracy & damage with ranged weapons and melee
   (+4).
 k - a +5 ring of evasion
 n - the ring "Pucs" (right hand) {Str+7 Dex+6}
   (You found it on level 10 of the Dungeon)

   [ring of dexterity]

   Str:       It affects your strength (+7).
   Dex:       It affects your dexterity (+6).
 C - a ring of resist corrosion
 F - a +6 ring of strength
 G - a ring of protection from fire
 P - a ring of see invisible
 V - a ring of wizardry
Wands
 u - a wand of flame (9)
 A - a wand of quicksilver (15)
 B - a wand of paralysis (8)
 H - a wand of roots (39)
 L - a wand of mindburst (9)
Scrolls
 f - 3 scrolls of noise
 l - 2 scrolls of fog
 t - 2 scrolls of amnesia
 D - 2 scrolls of brand weapon
 E - 2 scrolls of vulnerability
 I - a scroll of revelation {unknown}
 J - a scroll of enchant weapon {unknown}
 N - 2 scrolls of poison {unknown}
 O - a scroll of immolation {unknown}
 Q - a scroll of torment
 U - a scroll of identify
Potions
 h - 4 potions of enlightenment
 o - 3 potions of attraction
 p - 5 potions of curing
 q - 2 potions of cancellation
 x - 3 potions of haste {unknown}
 z - 3 potions of lignification
 K - 2 potions of might {unknown}
 M - 2 potions of resistance {unknown}
 R - 2 potions of mutation {unknown}
Miscellaneous
 T - a condenser vane


   Skills:
 + Level 7.9 Fighting
 * Level 10.8 Short Blades
 + Level 7.6 Throwing
 * Level 9.8 Dodging
 * Level 15.6 Stealth
 + Level 2.3 Evocations


You had 12 spell levels left.
You didn't know any spells.
Your spell library contained the following spells:

 Spells                   Type           Power      Damage    Failure   Level
 Lesser Beckoning         Tloc           0%         N/A       38%         2
 Gell's Gravitas          Tloc           0%         N/A       63%         3
 Ignite Poison            Fire/Tmut/Pois 0%         N/A       63%         3
 Inner Flame              Hex/Fire       0%         N/A       63%         3
 Teleport Other           Tloc           0%         N/A       63%         3
 Flame Wave               Conj/Fire      0%         2d4       95%         4
 Manifold Assault         Tloc           0%         N/A       95%         4
 Olgreb's Toxic Radiance  Pois           0%         N/A       95%         4
 Sticky Flame             Conj/Fire      0%         2d3       95%         4
 Dispersal                Tloc           0%         N/A       100%        6
 Simulacrum               Ice/Necr       0%         N/A       100%        6
 Ozocubu's Refrigeration  Ice            0%         4d7       100%        7
 Discord                  Hex            0%         N/A       100%        8
 Disjunction              Tloc           0%         N/A       100%        8
 Ignition                 Fire           0%         3d3       100%        8
 Polar Vortex             Ice            0%         N/A       100%        9


Dungeon Overview and Level Annotations

Branches:
Dungeon (14/15)            Temple (1/1) D:6            Lair (0/5) D:10
    Orc (0/2) D:9         Ossuary (visited)
 Vaults: D:13-14

Altars:
Ashenzari
Cheibriados
Dithmenos
Elyvilon
Fedhas
Gozag
Hepliaklqana
Kikubaaqudgha
Makhleb
Nemelex Xobeh
Okawaru
Qazlal
Ru
Sif Muna
Trog
Uskayaw
Vehumet
Wu Jian
Xom
Yredelemnul
Zin
The Shining One

Shops:
D:5 =

Portals:
Trove: D:13 (give +6 demon blade)

Annotations:
D:3 Natasha


Innate Abilities, Weirdness & Mutations

You have razor-sharp teeth.
Your natural rate of healing is unusually fast.
When hurt, damage is shared between your health and your magic reserves.
Your bite disrupts and absorbs the magic of your enemies.
Potions cannot restore your health.


Message History

The Council accepts your kill.
Reactivating autopickup.
You feel a bit more experienced.
A wizard simulacrum comes into view.
You puncture the necromancer!
The necromancer looks as sick as possible!
The necromancer is moderately wounded.
You puncture the necromancer!
The necromancer looks as sick as possible!
Your bite misses the necromancer.
The necromancer is severely wounded.
The necromancer closely misses you.
You hit the necromancer.
The necromancer looks as sick as possible!
You bite the necromancer!
You kill the necromancer!
The Council accepts your kill.
The yaktaur shoots a bolt.
The bolt hits you!!
You puncture the cyclops! You bite the cyclops! You drain its power.
You feel invigorated.
The cyclops is heavily wounded.
The wizard simulacrum misses you.
You puncture the cyclops!
The cyclops looks as sick as possible!
You bite the cyclops. You drain its power.
The cyclops is almost dead.
The yaktaur shoots a bolt.
The bolt hits you but does no damage. The cyclops closely misses you.
You puncture the cyclops!
You kill the cyclops!
The Council accepts your kill.
A freezing mist starts to gather...
A cyclops simulacrum comes into view.
The wizard simulacrum hits you. The wizard simulacrum freezes you!!!
You feel a terrible chill!
* * * LOW HITPOINT WARNING * * *
As you read the scroll of teleportation, it crumbles to dust.
You feel strangely unstable. The wizard simulacrum hits you.
* * * LOW HITPOINT WARNING * * *
The wizard simulacrum freezes you!!
You feel a terrible chill!
You die...

.## #..........# ###
####.).....# +.# #)......#
#.#### #.......##### #.....
#...........###
..#.####+###.....#####...####
..#.#......#............†)..#
....#......+..########'''##.#
.#.........##.#$@(..#..)..#.#
.##.....>..##.#[cZ..'.....#.#
.##.#......##.#Z.⌠..'..⌠..#.#
###.####+#.# #....÷÷....[#$#
#...####.#.# #....(#...()#.#
#.#<.....#.# ##'''########.#
#†########.# #.....
#..........# #.....'
############ #..⌠..'.


You could see a yaktaur (soul bound), a cyclops simulacrum and a wizard
simulacrum.

Vanquished Creatures
  Gastronok (D:12)
  Josephine (D:13)
  A vault guard (D:14)
  A centaur warrior (D:14)
  3 two-headed ogres
  Nergalle (D:12)
  Lodul (D:13)
  4 slime creatures (D:13)
  2 wizards (D:14)
  2 deep elf pyromancers
  2 necromancers (D:14)
  4 cyclopes
  4 ugly things
  2 manticores
  A black mamba (shapeshifter) (D:14)
  A gargoyle (D:9)
  2 kobold demonologists
  A rime drake (D:10)
  5 trolls
  2 polar bears (D:10)
  A hornet (D:11)
  Grinder (D:4)
  A wind drake (shapeshifter) (D:13)
  Sigmund (D:3)
  6 shadows
  24 yaks
  4 vampires
  A culicivora (shapeshifter) (D:14)
  A ynoxinul (Abyss:2)
  17 humans (D:14)
  9 wraiths
  2 basilisks (D:14)
  Grum (D:11)
  5 vampire mosquitoes
  4 steam dragons
  Menkaure (D:5)
  2 acid dragons
  3 water moccasins
  6 orc warriors
  6 ice beasts
  A black bear (D:5)
  6 ogres (D:13)
  A sky beast (D:8)
  4 wolves
  3 centaurs
  2 phantoms
  2 kobold brigands
  2 elf zombies (Ossuary)
  2 bullfrogs
  2 scorpions
  A small abomination (Abyss:2)
  7 wights (D:7)
  10 killer bees
  2 troll zombies (D:9)
  2 howler monkeys
  A human zombie (Ossuary)
  Crazy Yiuf (D:7)
  4 jellies
  4 orc priests
  Ijyb (D:5)
  A gnoll bouda (D:8)
  6 hounds
  Jessica (D:3)
  4 iguanas (D:5)
  Natasha (D:3)
  14 orc wizards
  3 sleepcaps
  6 ogre zombies (D:9)
  2 hound zombies (Ossuary)
  4 mummies (Ossuary)
  Robin (D:3)
  5 gnolls (D:8)
  8 adders
  An ufetubus (D:7)
  An adder zombie (Ossuary)
  2 worms
  5 dart slugs
  52 orcs
  5 endoplasms
  A gnoll zombie (Ossuary)
  12 goblins
  8 hobgoblins
  3 jackals (D:4)
  5 quokkas
  4 ball pythons
  5 bats
  4 frilled lizards
  2 goblin skeletons (D:9)
  6 goblin zombies
  A hobgoblin skeleton (D:9)
  3 hobgoblin zombies (D:9)
  A jackal zombie (Ossuary)
  15 kobolds
  3 orc skeletons (D:9)
  14 orc zombies
  A quokka zombie (D:6)
  8 rats
  A rat zombie (Ossuary)
414 creatures vanquished.

Vanquished Creatures (others)
  A white imp (D:7)
1 creature vanquished.

Grand Total: 415 creatures vanquished

Notes
Turn   | Place    | Note
-------+----------+-------------------------------------------
     0 | D:1      | Mightysalt the Vine Stalker Brigand began the quest for the
                  | Orb.
     0 | D:1      | Reached XP level 1. HP: 11/11 MP: 2/2
   101 | D:2      | Reached skill level 1 in Dodging
   152 | D:2      | Identified the +0 ring mail of Dyq Viph {rPois}
   172 | D:2      | Reached XP level 2. HP: 15/15 MP: 3/3
   173 | D:2      | Reached skill level 5 in Stealth
   392 | D:2      | Identified the ring "Wuozap" {Str+3 Slay+4}
   561 | D:2      | Reached XP level 3. HP: 18/18 MP: 4/4
  1095 | D:3      | Noticed Robin
  1118 | D:3      | Killed Robin
  1175 | D:3      | Noticed Jessica
  1177 | D:3      | Gained mutation: Your natural rate of healing is unusually
                  | fast. [Vine Stalker growth]
  1177 | D:3      | Reached XP level 4. HP: 22/23 MP: 5/5
  1187 | D:3      | Killed Jessica
  1351 | D:3      | Reached XP level 5. HP: 26/26 MP: 6/6
  1424 | D:3      | Noticed Natasha
  1428 | D:3      | Killed Natasha
  1453 | D:3      | Reached skill level 6 in Stealth
  1546 | D:3      | Noticed Natasha
  1722 | D:3      | Noticed Sigmund
  1728 | D:3      | Killed Sigmund
  1729 | D:3      | Reached XP level 6. HP: 32/32 MP: 7/7
  1914 | D:3      | Reached XP level 7. HP: 35/35 MP: 8/8
  2539 | D:4      | Noticed Grinder
  2553 | D:4      | Killed Grinder
  2554 | D:4      | Reached skill level 7 in Stealth
  2808 | D:4      | Gained mutation: You have razor-sharp teeth. [Vine Stalker
                  | growth]
  2808 | D:4      | Reached XP level 8. HP: 40/40 MP: 9/9
  2950 | D:5      | Entered Level 5 of the Dungeon
  3009 | D:5      | Noticed Menkaure
  3026 | D:5      | Killed Menkaure
  3031 | D:5      | Reached skill level 8 in Stealth
  3061 | D:5      | Found Ankiotoo's Jewellery Shop.
  3264 | D:5      | Noticed Ijyb
  3271 | D:5      | Killed Ijyb
  3530 | D:6      | Identified 2 scrolls of acquirement
  3535 | D:6      | Acquired the +2 hat of Resourcefulness {*Slow rPois Str+2}
  3536 | D:6      | Acquired the +7 rapier of the Inviting King {venom, rC-
                  | Str+4 Int+4 Dex+2}
  3597 | D:6      | Reached skill level 5 in Short Blades
  3687 | D:6      | Reached XP level 9. HP: 38/45 MP: 6/10
  3770 | D:6      | Reached skill level 9 in Stealth
  3793 | D:6      | Found a sand-covered staircase.
  3801 | Ossuary  | Entered an ossuary
  4226 | D:6      | Reached skill level 5 in Dodging
  4487 | D:6      | Found a staircase to the Ecumenical Temple.
  4507 | Temple   | Entered the Ecumenical Temple
  4866 | D:7      | Reached skill level 10 in Stealth
  4955 | D:7      | Found a runed translucent door.
  4956 | D:7      | Noticed Crazy Yiuf
  4963 | D:7      | Killed Crazy Yiuf
  4964 | D:7      | Reached XP level 10. HP: 51/51 MP: 11/11
  5424 | D:7      | Reached skill level 5 in Fighting
  5625 | D:8      | Noticed a two-headed ogre
  5629 | D:8      | Killed a two-headed ogre
  5719 | D:8      | Reached skill level 5 in Throwing
  5852 | D:8      | Reached skill level 11 in Stealth
  5873 | D:8      | Identified the +4 flail of Comugonlo {flame, rC++}
  6480 | D:9      | Found a glowing golden altar of the Shining One.
  6480 | D:9      | Noticed a gargoyle
  6483 | D:9      | Killed a gargoyle
  6747 | D:9      | Reached XP level 11. HP: 55/56 MP: 12/12
  6789 | D:9      | Reached skill level 12 in Stealth
  6797 | D:9      | Found a staircase to the Orcish Mines.
  7085 | D:9      | Found a hazy altar of Hepliaklqana.
  7224 | D:9      | Found an ornate altar of the Wu Jian Council.
  7372 | D:9      | Became a worshipper of the Wu Jian Council
  7560 | D:10     | Entered Level 10 of the Dungeon
  7732 | D:10     | Found a staircase to the Lair.
  7783 | D:10     | Reached * piety under Wu Jian
  7787 | D:10     | Noticed a two-headed ogre
  7798 | D:10     | Killed a two-headed ogre
  7799 | D:10     | Reached skill level 13 in Stealth
  8350 | D:11     | Noticed a manticore
  8352 | D:11     | Killed a manticore
  8386 | D:11     | Reached XP level 12. HP: 49/62 MP: 9/13
  8556 | D:11     | Noticed Grum
  8572 | D:11     | Killed Grum
  8707 | D:11     | Noticed a two-headed ogre
  8709 | D:11     | Killed a two-headed ogre
  9026 | D:12     | Noticed Nergalle
  9032 | D:12     | Killed Nergalle
  9072 | D:12     | Reached skill level 14 in Stealth
  9079 | D:12     | Reached ** piety under Wu Jian
  9086 | D:12     | Identified the +8 trident "Faxail" {heavy, rElec Dex+2}
  9225 | D:10     | Identified the ring "Pucs" {Str+7 Dex+6}
  9231 | D:10     | Identified the +6 dagger of Akher {heavy, rPois rF- rCorr}
  9362 | D:12     | Noticed Gastronok
  9375 | D:12     | Killed Gastronok
  9927 | D:13     | Noticed Lodul
  9930 | D:13     | Reached skill level 10 in Short Blades
  9945 | D:13     | Killed Lodul
  9995 | D:13     | Reached XP level 13. HP: 67/67 MP: 14/14
 10368 | D:13     | Noticed Josephine
 10418 | D:13     | HP: 2/84 [Josephine/ghostly fireball (11)]
 10419 | D:13     | Killed Josephine
 10561 | D:13     | Found a portal to a secret trove of treasure.
 10562 | D:13     | Reached skill level 15 in Stealth
 10676 | D:13     | Reached skill level 1 in Evocations
 10967 | D:14     | Reached *** piety under Wu Jian
 11090 | D:14     | Noticed a vault guard
 11109 | D:14     | Killed a vault guard
 11111 | Abyss:2  | Cast into level 2 of the Abyss (a wizard)
 11158 | Abyss:2  | Noticed a bone dragon
 11225 | Abyss:2  | Noticed a tentacled starspawn
 11275 | Abyss:3  | Noticed a starcursed mass
 11310 | Abyss:3  | Noticed a blizzard demon
 11361 | Abyss:5  | Found a corrupted altar of Lugonu.
 11362 | Abyss:5  | Noticed a white very ugly thing
 11380 | Abyss:5  | Noticed a hellephant
 11412 | D:14     | Escaped the Abyss
 11425 | D:14     | Slain by a wizard simulacrum

Illustrated notes

Levels and vault maps discovered:
D:1:      onia_arrival_mini_spirals, layout_basic,
          shapermc_ecumenical_altar_mp_ritualfount, hangedman_decor_push
D:2:      layout_loops_ring, kennysheep_generic_room_13
D:3:      minmay_razor_zed, layout_loops_ring, kennysheep_big_empty_room,
          chequers_serial_rivers_micro_d, uniq_robin, uniq_natasha,
          uniq_sigmund, uniq_jessica
D:4:      layout_basic, kennysheep_orc_chapel, uniq_grinder
D:5:      lemuel_ice_spiral_2, layout_basic, serial_shops,
          nicolae_shop_gaudy_bauble, grunt_tough_drop, uniq_menkaure, uniq_ijyb
D:6:      layout_basic, minmay_temple_entry_antechambers, enter_ossuary_4
D:7:      layout_basic, uniq_crazy_yiuf_cottage
D:8:      layout_basic, minivault_10
D:9:      layout_irregular_city, nzn_wu_jian_council_hall,
          mainiacjoe_overflow_catwalk_spiral, zombieorc2_lemuel,
          minmay_misc_feat_secret_circle
D:10:     layout_cave_pools, hellmonk_lair_entry_icy, minivault_21
D:11:     layout_roguey, uniq_grum
D:12:     layout_cave_pools, kennysheep_windowed_goal, uniq_gastronok,
          uniq_nergalle
D:13:     layout_stronghold, enter_trove_2, uniq_josephine, uniq_lodul
D:14:     layout_basic, grunt_vaults_entry_tiered, nicolae_hexahallways
Temple:   compressed_dpeg_triangle_lava_temple

Skill      XL: |  1  2  3  4  5  6  7  8  9 10 11 12 13 |
---------------+----------------------------------------+-----
Dodging        | 1 2 3 4 5 6 8 9 |  9.8
Short Blades   | 2 3 4 5 6 7 8 10 | 10.8
Stealth        | 5 6 7 8 10 11 13 14 15 | 15.6
Fighting       | 2 3 4 5 6 7 |  7.9
Throwing       | 2 3 4 5 6 7 |  7.6
Evocations     | 2 |  2.3

Action                     |  1- 3 |  4- 6 |  7- 9 | 10-12 | 13-15 || total
---------------------------+-------+-------+-------+-------+-------++-------
  Melee: Dagger            |    64 |    27 |       |       |       ||    91
         Bite              |    19 |    20 |    95 |   194 |    67 ||   395
         Punch             |     1 |     1 |     1 |     8 |     2 ||    13
         Rapier            |       |    33 |   281 |   463 |   158 ||   935
  Throw: Dart              |       |       |       |       |     1 ||     1
Ability: Lunge             |       |       |       |    23 |    16 ||    39
         Whirlwind         |       |       |       |     2 |     2 ||     4
  Evoke: Wand              |       |       |       |    18 |     6 ||    24
    Use: Scroll            |       |       |    13 |     9 |     4 ||    26
         Potion            |       |       |     5 |     1 |     1 ||     7
   Stab: Sleeping          |     7 |     5 |    25 |    19 |     6 ||    62
         Distracted        |       |       |     2 |     4 |     1 ||     7
 Armour: Robe              |     9 |     7 |    52 |    59 |    22 ||   149
         Skin              |       |       |       |       |     1 ||     1
  Dodge: Dodged            |    29 |    25 |   225 |   337 |    96 ||   712

Table legend: (Time is in decaauts)
 A = Elapsed time spent in this place.
 B = Non-inter-level travel time spent in this place.
 C = Inter-level travel time spent in this place.
 D = Time resting spent in this place.
 E = Time spent auto-exploring this place.
 F = Levels seen in this place.
 G = Mean time per level.
                   A        B        C        D        E       F      G
               +--------+--------+--------+--------+--------+-----+--------+
         Total |  11318 |   9531 |   1787 |    483 |   6292 |  20 |  565.9 |
       Dungeon |  10767 |   9046 |   1721 |    483 |   6267 |  14 |  769.1 |
        Temple |     67 |      1 |     66 |      0 |      0 |   1 |   67.0 |
         Abyss |    298 |    298 |      0 |      0 |      0 |   4 |   74.5 |
       Ossuary |    184 |    184 |      0 |      0 |     25 |   1 |  184.0 |
               +--------+--------+--------+--------+--------+-----+--------+

Top non-repeatable levels by time:
     D:3: 1202 daAuts
     D:9: 1132 daAuts
    D:13: 1072 daAuts
     D:2: 1070 daAuts
     D:6: 979 daAuts
     D:7: 860 daAuts
     D:8: 859 daAuts
    D:11: 818 daAuts
    D:10: 668 daAuts
     D:4: 605 daAuts
    D:12: 571 daAuts
     D:5: 559 daAuts
    D:14: 305 daAuts
 Ossuary: 184 daAuts
 Abyss:2: 116 daAuts
